General information
- name: BNet
- type: Ladder team game (AT/RT)
- host: Battle.net
- saver: TheNumber1-B
map: MarketSquare
- players: 8
- length: 35:38
- speed: Fast
- version: 1.23 W3XP
- replay type: Public
» download(263 KB)
Players
team 1 (loser)
HiMFF (
purple | 46 APM | 862 actions | 18:42)
5 Archmage
3 Summon Water Elemental
2 Brilliance Aura
2 Paladin
1 Holy Light
1 Divine Shield
» actions
| Assign group hotkey | 27 | |
| Basic commands | 39 | |
| Build / train | 57 | |
| Enter build submenu | 33 | |
| Enter hero's abilities submenu | 7 | |
| Right click | 210 | |
| Select / deselect | 222 | |
| Select group hotkey | 196 | |
| Use ability | 71 | |
862 total
» units
| Peasant | 8 | |
| Footman | 15 | |
| Sorceress | 6 | |
| Priest | 4 | |
| Spell Breaker | 3 | |
36 total
» upgrades
» buildings
| Altar of Kings | 1 | |
| Farm | 15 | |
| Barracks | 1 | |
| Scout Tower | 10 | |
| Arcane Tower | 2 | |
| Arcane Vault | 2 | |
| Lumber Mill | 1 | |
| Keep | 1 | |
| Arcane Sanctum | 2 | |
| Town Hall | 1 | |
| Castle | 1 | |
| Guard Tower | 3 | |
40 total
» build order
00:09 Altar of Kings
00:20 Farm
00:22 Barracks
01:09 Farm
01:45 Scout Tower
01:50 Farm
02:22 Scout Tower
02:25 Arcane Tower
02:36 Farm
02:52 Arcane Vault
03:18 Lumber Mill
03:21 Arcane Tower
03:41 Farm
04:35 Keep
05:05 Farm
05:07 Farm
06:26 Farm
07:29 Arcane Sanctum
07:32 Arcane Sanctum
09:50 Farm
09:51 Farm
09:52 Farm
10:10 Town Hall
12:33 Scout Tower
12:36 Scout Tower
13:16 Castle
13:59 Scout Tower
14:01 Scout Tower
14:08 Guard Tower
14:34 Scout Tower
14:35 Scout Tower
14:37 Scout Tower
14:38 Scout Tower
14:41 Arcane Vault
14:44 Guard Tower
14:59 Farm
15:00 Farm
15:00 Farm
15:01 Farm
17:26 Guard Tower
» items
| Scroll of Regeneration | 1 | |
| Scroll of Town Portal | 1 | |
2 total
Janonex (
teal | 73 APM | 2449 actions | 33:33)
8 Priestess of the Moon
3 Searing Arrows
3 Trueshot Aura
1 Starfall
1 Scout
» actions
| Assign group hotkey | 186 | |
| Build / train | 92 | |
| ESC pressed | 1 | |
| Enter build submenu | 14 | |
| Enter hero's abilities submenu | 8 | |
| Give item / drop item | 1 | |
| Remove unit from queue | 3 | |
| Right click | 835 | |
| Select / deselect | 474 | |
| Select group hotkey | 778 | |
| Use ability | 57 | |
2449 total
» units
| Wisp | 10 | |
| Archer | 37 | |
| Hippogryph | 21 | |
68 total
» upgrades
| Improved Bows | 1 | |
| Hippogryph Taming | 1 | |
| Nature's Blessing | 1 | |
3 total
» buildings
| Altar of Elders | 1 | |
| Ancient of War | 1 | |
| Moon Well | 6 | |
| Tree of Ages | 1 | |
| Ancient of Wonders | 1 | |
| Ancient of Wind | 2 | |
| Tree of Eternity | 1 | |
| Tree of Life | 1 | |
14 total
» build order
00:16 Altar of Elders
00:19 Ancient of War
00:28 Moon Well
01:19 Moon Well
02:10 Moon Well
03:12 Tree of Ages
03:52 Moon Well
04:48 Moon Well
05:01 Ancient of Wonders
05:41 Ancient of Wind
05:44 Ancient of Wind
07:29 Moon Well
09:47 Tree of Eternity
30:28 Tree of Life
» items
| Boots of Speed | 1 | |
| Scroll of Town Portal | 5 | |
6 total

»
REAL.SCARY (
yellow | 98 APM | 3476 actions | 35:36)
8 Archmage
3 Summon Water Elemental
3 Brilliance Aura
2 Mass Teleport
7 Mountain King
3 Storm Bolt
3 Bash
1 Avatar
1 Paladin
1 Holy Light
» actions
| Assign group hotkey | 154 | |
| Basic commands | 393 | |
| Build / train | 144 | |
| ESC pressed | 3 | |
| Enter build submenu | 44 | |
| Enter hero's abilities submenu | 16 | |
| Remove unit from queue | 1 | |
| Right click | 672 | |
| Select / deselect | 726 | |
| Select group hotkey | 1007 | |
| Use ability | 315 | |
3476 total
» units
| Peasant | 35 | |
| Footman | 14 | |
| Dragonhawk Rider | 23 | |
| Gryphon Rider | 6 | |
| Sorceress | 3 | |
| Priest | 4 | |
| Spell Breaker | 1 | |
86 total
» upgrades
| Defend | 1 | |
| Masonry | 2 | |
| Lumber Harvesting | 1 | |
| Animal War Training | 1 | |
| Armor | 3 | |
| Storm Hammers | 1 | |
| Swords | 3 | |
| Sorceress Training | 1 | |
| Cloud | 1 | |
14 total
» buildings
| Altar of Kings | 2 | |
| Farm | 13 | |
| Barracks | 2 | |
| Lumber Mill | 1 | |
| Town Hall | 5 | |
| Scout Tower | 11 | |
| Guard Tower | 8 | |
| Arcane Vault | 2 | |
| Keep | 2 | |
| Gryphon Aviary | 4 | |
| Arcane Tower | 2 | |
| Castle | 3 | |
| Blacksmith | 2 | |
57 total
» build order
00:07 Altar of Kings
00:08 Altar of Kings
00:33 Farm
00:41 Barracks
01:08 Farm
01:39 Farm
03:06 Lumber Mill
03:19 Town Hall
03:21 Scout Tower
04:15 Guard Tower
05:32 Scout Tower
05:36 Scout Tower
05:59 Arcane Vault
06:01 Guard Tower
06:12 Barracks
06:20 Keep
06:20 Keep
06:25 Guard Tower
07:46 Farm
07:49 Farm
07:50 Farm
07:56 Scout Tower
07:57 Scout Tower
07:58 Scout Tower
08:01 Scout Tower
08:33 Guard Tower
08:33 Guard Tower
08:55 Scout Tower
08:56 Scout Tower
09:04 Scout Tower
09:12 Gryphon Aviary
09:50 Town Hall
10:03 Arcane Tower
10:06 Arcane Tower
10:07 Guard Tower
10:34 Farm
11:35 Gryphon Aviary
12:12 Castle
12:12 Castle
12:21 Scout Tower
13:00 Gryphon Aviary
13:23 Farm
13:25 Blacksmith
13:45 Blacksmith
13:50 Guard Tower
14:18 Farm
21:05 Gryphon Aviary
26:01 Farm
26:03 Farm
26:26 Town Hall
28:34 Town Hall
29:43 Arcane Vault
31:05 Town Hall
31:47 Farm
» items
| Scroll of Regeneration | 3 | |
| Scroll of Town Portal | 2 | |
5 total
uyfuiogfuig (
pink | 37 APM | 1256 actions | 33:35)
5 Blademaster
3 Wind Walk
2 Critical Strike
» actions
| Assign group hotkey | 5 | |
| Basic commands | 1 | |
| Build / train | 48 | |
| Enter build submenu | 20 | |
| Enter hero's abilities submenu | 5 | |
| Right click | 651 | |
| Select / deselect | 247 | |
| Select group hotkey | 173 | |
| Use ability | 106 | |
1256 total
» units
| Peon | 10 | |
| Wind Rider | 5 | |
| Troll Batrider | 2 | |
17 total
» upgrades
» buildings
| Altar of Storms | 1 | |
| Orc Burrow | 5 | |
| Voodoo Lounge | 1 | |
| Stronghold | 1 | |
| Beastiary | 3 | |
| War Mill | 1 | |
| Great Hall | 4 | |
16 total
» build order
00:04 Altar of Storms
00:07 Orc Burrow
00:26 Voodoo Lounge
01:48 Orc Burrow
02:50 Stronghold
03:37 Orc Burrow
04:37 Orc Burrow
05:13 Beastiary
05:15 Beastiary
05:18 Beastiary
09:24 Orc Burrow
10:24 War Mill
16:38 Great Hall
22:13 Great Hall
24:05 Great Hall
24:55 Great Hall
» items
| Lesser Clarity Potion | 6 | |
| Healing Salve | 1 | |
| Potion of Healing | 6 | |
| Potion of Mana | 5 | |
| Scroll of Town Portal | 3 | |
| Scroll of Protection | 2 | |
23 total
team 2 (winner)
mooooocowmooooo (
orange | 77 APM | 2760 actions | 35:37)
10 Blademaster
3 Wind Walk
3 Critical Strike
1 Bladestorm
3 Mirror Image
» actions
| Assign group hotkey | 26 | |
| Basic commands | 8 | |
| Build / train | 87 | |
| Enter build submenu | 26 | |
| Enter hero's abilities submenu | 10 | |
| Give item / drop item | 1 | |
| Right click | 1276 | |
| Select / deselect | 324 | |
| Select group hotkey | 739 | |
| Use ability | 263 | |
2760 total
» units
» upgrades
| Ranged Weapons | 3 | |
| Armor | 3 | |
| Liquid Fire | 1 | |
| Reinforced Defenses | 1 | |
8 total
» buildings
| Barracks | 1 | |
| Altar of Storms | 1 | |
| Orc Burrow | 6 | |
| Voodoo Lounge | 1 | |
| War Mill | 1 | |
| Stronghold | 1 | |
| Fortress | 1 | |
| Beastiary | 4 | |
| Watch Tower | 6 | |
| Great Hall | 4 | |
26 total
» build order
00:18 Barracks
00:23 Altar of Storms
00:28 Orc Burrow
01:04 Voodoo Lounge
01:45 Orc Burrow
02:15 War Mill
03:15 Stronghold
03:41 Orc Burrow
04:38 Orc Burrow
05:38 Fortress
05:46 Beastiary
05:49 Beastiary
06:21 Beastiary
08:12 Orc Burrow
10:33 Watch Tower
11:15 Watch Tower
11:20 Watch Tower
11:49 Great Hall
13:04 Orc Burrow
13:13 Watch Tower
13:15 Watch Tower
18:18 Beastiary
18:20 Watch Tower
27:55 Great Hall
31:48 Great Hall
32:08 Great Hall
» items
| Healing Salve | 1 | |
| Scroll of Speed | 1 | |
| Orb of Lightning | 1 | |
3 total
TheNumber1-B (
blue | 107 APM | 3811 actions | 35:38)
7 Death Knight
3 Death Coil
3 Unholy Aura
1 Animate Dead
6 Lich
3 Frost Nova
2 Frost Armor
1 Death and Decay
7 Crypt Lord
3 Impale
3 Spiked Carapace
1 Locust Swarm
1 Priestess of the Moon
1 Scout
» actions
| Assign group hotkey | 208 | |
| Basic commands | 84 | |
| Build / train | 137 | |
| ESC pressed | 4 | |
| Enter build submenu | 35 | |
| Enter hero's abilities submenu | 21 | |
| Right click | 1437 | |
| Select / deselect | 358 | |
| Select group hotkey | 1371 | |
| Use ability | 156 | |
3811 total
» units
| Acolyte | 32 | |
| Ghoul | 5 | |
| Crypt Fiend | 12 | |
| Frost Wyrm | 9 | |
| Obsidian Statue | 3 | |
| Hippogryph | 9 | |
70 total
» upgrades
| Creature Attack | 3 | |
| Creature Carapace | 3 | |
| Web | 1 | |
| Freezing Breath | 1 | |
| Destroyer Form | 1 | |
| Burrow | 1 | |
| Strength of the Wild | 1 | |
| Reinforced Hides | 1 | |
12 total
» buildings
| Crypt | 1 | |
| Ziggurat | 12 | |
| Graveyard | 1 | |
| Altar of Darkness | 1 | |
| Tomb of Relics | 1 | |
| Nerubian Tower | 2 | |
| Halls of the Dead | 4 | |
| Black Citadel | 1 | |
| Spirit Tower | 4 | |
| Necropolis | 5 | |
| Sacrificial Pit | 1 | |
| Boneyard | 3 | |
| Slaughterhouse | 1 | |
| Tree of Eternity | 1 | |
| Moon Well | 2 | |
40 total
» build order
00:08 Crypt
00:10 Ziggurat
00:39 Graveyard
01:00 Altar of Darkness
01:25 Ziggurat
02:12 Tomb of Relics
02:56 Nerubian Tower
05:21 Halls of the Dead
05:21 Halls of the Dead
05:21 Halls of the Dead
05:41 Ziggurat
06:37 Ziggurat
06:48 Ziggurat
07:17 Ziggurat
07:57 Black Citadel
08:22 Nerubian Tower
08:23 Spirit Tower
08:25 Necropolis
08:49 Ziggurat
09:47 Sacrificial Pit
11:23 Boneyard
11:24 Boneyard
11:55 Slaughterhouse
13:58 Boneyard
19:06 Ziggurat
21:32 Necropolis
23:49 Ziggurat
23:49 Ziggurat
23:50 Ziggurat
23:50 Ziggurat
25:13 Spirit Tower
25:15 Spirit Tower
27:58 Spirit Tower
28:03 Necropolis
28:56 Tree of Eternity
30:56 Moon Well
30:57 Moon Well
31:04 Necropolis
32:02 Necropolis
» items
| Dust of Appearance | 1 | |
| Rod of Necromancy | 2 | |
| Scroll of Town Portal | 6 | |
| Potion of Healing | 4 | |
| Orb of Corruption | 2 | |
| Scroll of Healing | 2 | |
| Potion of Lesser Invulnerability | 1 | |
18 total

»
Myfeetarewet (
red | 54 APM | 1149 actions | 21:17)
3 Priestess of the Moon
1 Scout
2 Trueshot Aura
» actions
| Assign group hotkey | 29 | |
| Basic commands | 16 | |
| Build / train | 86 | |
| Enter build submenu | 15 | |
| Enter hero's abilities submenu | 3 | |
| Remove unit from queue | 1 | |
| Right click | 326 | |
| Select / deselect | 272 | |
| Select group hotkey | 369 | |
| Use ability | 32 | |
1149 total
» units
| Wisp | 19 | |
| Archer | 25 | |
| Hippogryph | 16 | |
| Druid of the Talon | 8 | |
| Faerie Dragon | 4 | |
72 total
» upgrades
| Improved Bows | 1 | |
| Hippogryph Taming | 1 | |
| Strength of the Moon | 2 | |
| Moon Armor | 2 | |
| Druid of the Talon Training | 1 | |
| Strength of the Wild | 1 | |
8 total
» buildings
| Altar of Elders | 1 | |
| Moon Well | 6 | |
| Ancient of War | 1 | |
| Tree of Ages | 1 | |
| Ancient of Wind | 2 | |
| Hunter's Hall | 1 | |
| Tree of Life | 1 | |
| Ancient of Wonders | 1 | |
14 total
» build order
00:08 Altar of Elders
00:25 Moon Well
00:36 Ancient of War
01:29 Moon Well
02:35 Moon Well
03:51 Tree of Ages
05:11 Moon Well
06:16 Ancient of Wind
06:19 Ancient of Wind
09:10 Moon Well
09:22 Hunter's Hall
09:28 Moon Well
15:24 Tree of Life
19:10 Ancient of Wonders
Njh.Kill2 (
green | 46 APM | 1646 actions | 35:37)
3 Blademaster
1 Wind Walk
1 Critical Strike
1 Mirror Image
» actions
| Assign group hotkey | 19 | |
| Build / train | 64 | |
| Enter build submenu | 19 | |
| Enter hero's abilities submenu | 3 | |
| Remove unit from queue | 3 | |
| Right click | 900 | |
| Select / deselect | 213 | |
| Select group hotkey | 384 | |
| Use ability | 41 | |
1646 total
» units
| Peon | 15 | |
| Grunt | 1 | |
| Troll Headhunter/Berserker | 17 | |
| Wind Rider | 11 | |
| Raider | 8 | |
| Druid of the Talon | 2 | |
54 total
» upgrades
» buildings
| Altar of Storms | 1 | |
| Orc Burrow | 6 | |
| Barracks | 2 | |
| War Mill | 1 | |
| Watch Tower | 9 | |
| Stronghold | 1 | |
| Beastiary | 2 | |
22 total
» build order
00:28 Altar of Storms
00:45 Orc Burrow
00:59 Barracks
01:50 Orc Burrow
02:10 War Mill
02:49 Orc Burrow
03:28 Barracks
03:52 Watch Tower
04:22 Stronghold
07:39 Beastiary
08:47 Beastiary
08:55 Orc Burrow
10:15 Watch Tower
10:25 Watch Tower
11:04 Orc Burrow
13:06 Orc Burrow
17:26 Watch Tower
27:00 Watch Tower
32:25 Watch Tower
32:26 Watch Tower
32:27 Watch Tower
32:29 Watch Tower
Chat log
(00:14 / Allies) Njh.Kill2: fuck
(00:16 / Allies) Njh.Kill2: fuck
(00:22 / Allies) Njh.Kill2: fuck i
(03:31 / Allies) mooooocowmooooo: nice blue
(03:46 / All) TheNumber1-B: gged a retard
(05:09 / Allies) Njh.Kill2: go
(05:11 / Allies) Njh.Kill2: red
(06:25 / Allies) Njh.Kill2: go
(06:50 / Allies) Myfeetarewet: back
(07:05 / Allies) TheNumber1-B: wood
(07:30 / Allies) mooooocowmooooo: wood plz ne1?
(08:45 / Allies) TheNumber1-B: wood ?
(10:54 / Allies) mooooocowmooooo: got im
(11:15 / All) TheNumber1-B: hope u learned ur lesson
(12:14 / Allies) mooooocowmooooo: ty
(12:47 / Allies) mooooocowmooooo: lol
(12:49 / Allies) mooooocowmooooo: stole the big item
(13:06 / Allies) mooooocowmooooo: guys we gotta stop
(13:07 / Allies) mooooocowmooooo: yelo expo
(13:46 / Allies) mooooocowmooooo: k im rdy to blow a base
(14:13 / Allies) TheNumber1-B: kil lyellow
(15:05 / Allies) TheNumber1-B: gold ?
(15:08 / Allies) Njh.Kill2: go atake blue
(18:24 / Allies) mooooocowmooooo: purp sux
(18:38 / All) HiMFF: gg
(18:50 / All) TheNumber1-B: riuzzity raped
(19:12 / All) uyfuiogfuig: ahhaha
(19:13 / Allies) mooooocowmooooo: back
(19:42 / Allies) mooooocowmooooo: wood plz
(19:50 / Allies) mooooocowmooooo: ty
(19:53 / Allies) mooooocowmooooo: omw
(20:02 / Allies) TheNumber1-B: yes bat it pl0x
(20:07 / Allies) mooooocowmooooo: yup
(20:39 / Allies) mooooocowmooooo: omw
(20:48 / Allies) Myfeetarewet: fuck
(20:50 / Allies) TheNumber1-B: why would u fight that
(20:55 / Allies) Myfeetarewet: clicked tp, didn't work
(21:20 / Allies) TheNumber1-B: stay
(21:26 / Allies) TheNumber1-B: mass bats
(21:30 / Allies) mooooocowmooooo: am
(21:39 / Allies) mooooocowmooooo: lol
(22:16 / Allies) mooooocowmooooo: keep up the pressure
(22:59 / Allies) TheNumber1-B: no
(23:00 / Allies) mooooocowmooooo: k
(23:01 / Allies) TheNumber1-B: u have no tp
(23:02 / Allies) TheNumber1-B: wtf u doing
(23:07 / Allies) TheNumber1-B: back
(23:08 / Allies) TheNumber1-B: green
(23:09 / Allies) mooooocowmooooo: green buy a tp
(23:37 / Allies) TheNumber1-B: b
(23:38 / Allies) TheNumber1-B: b
(23:38 / Allies) TheNumber1-B: b
(23:39 / Allies) TheNumber1-B: b
(23:41 / Allies) mooooocowmooooo: run green
(23:42 / Allies) TheNumber1-B: B
(23:53 / Allies) TheNumber1-B: wow
(23:58 / Allies) TheNumber1-B: ur slow as the fuck
(24:38 / Allies) TheNumber1-B: out
(24:39 / Allies) TheNumber1-B: out
(24:59 / Allies) TheNumber1-B: gold me oj
(25:14 / Allies) mooooocowmooooo: got his am
(25:17 / Allies) TheNumber1-B: nice
(25:26 / Allies) TheNumber1-B: got the lv 7 potm
(25:32 / Allies) mooooocowmooooo: keep chippin away
(26:07 / Allies) mooooocowmooooo: o helloo no
(27:46 / Allies) mooooocowmooooo: nice blue
(27:48 / Allies) mooooocowmooooo: im goin to ur base
(28:44 / Allies) TheNumber1-B: what the hell is green buidling
(29:16 / Allies) mooooocowmooooo: fuk
(29:34 / Allies) TheNumber1-B: GREEN BUY A TP
(29:43 / Allies) mooooocowmooooo: their healing by fointain
(30:03 / Allies) TheNumber1-B: GREEN
(30:04 / All) TheNumber1-B: wow lol
(30:05 / All) TheNumber1-B: wow
(30:11 / All) REAL.SCARY: gg idiot
(30:14 / Allies) mooooocowmooooo: not yet
(30:17 / Allies) Njh.Kill2: aff
(30:19 / Allies) Njh.Kill2: fdps
(30:20 / Allies) mooooocowmooooo: build mopre with red
(30:38 / Allies) mooooocowmooooo: takein that
(30:46 / Allies) Njh.Kill2: hey
(31:07 / Allies) mooooocowmooooo: keep killin their expoes
(31:58 / Allies) mooooocowmooooo: gj
(32:38 / Allies) TheNumber1-B: go
(32:41 / Allies) Njh.Kill2: gold plis
(33:15 / Allies) mooooocowmooooo: am
(33:29 / All) TheNumber1-B: bye
(33:31 / Allies) mooooocowmooooo: yelo am
(33:32 / All) Janonex: gg
(33:42 / All) REAL.SCARY: lol this aws literally a 4on1 all game
(33:43 / Allies) mooooocowmooooo: nice job
(33:45 / All) mooooocowmooooo: gg
(33:50 / Allies) mooooocowmooooo: lol
(34:06 / All) TheNumber1-B: sorry for owning so hard
(34:11 / All) mooooocowmooooo: lol
(34:13 / All) REAL.SCARY: u played like garbage
(34:14 / All) mooooocowmooooo: y the mass air btw?
(34:16 / All) TheNumber1-B: yellow noobshit
(34:16 / All) REAL.SCARY: u ran around like a little bitch
(34:19 / All) REAL.SCARY: and let ur allies win for u
(34:21 / All) REAL.SCARY: that's all u did blue
(34:28 / All) TheNumber1-B: k"
(34:29 / All) REAL.SCARY: at any one point in the game
(34:31 / All) REAL.SCARY: my army destroyed urs
(34:44 / All) TheNumber1-B: thats... interesting
(34:45 / All) TheNumber1-B: who won
(34:50 / All) TheNumber1-B: 2 men down
(34:52 / All) TheNumber1-B: i did
(35:03 / Allies) mooooocowmooooo: green
(35:06 / Allies) mooooocowmooooo: stop runnnin in the middle
(35:33 / Allies) mooooocowmooooo: pinik bm